AoeStats
← Mew

Migration

504290338Analyzed
1v1 RM · 28d ago on Sep 4, 2026· 80m 58s· 2 players
Game mode
Random Map
Map size
132×132
Population
200
Speed
Normal
Resources
Standard
Victory
Conquest
Starting age
Dark Age
Ending age
Imperial Age
RankedLock teamsTeams togetherTeam positionsShared explorationLock speedFull tech treeHidden civsTurbo modeCheats
Victory
Defeat
🇨🇭 Mongols · Switzerland
897
+15
🇺🇸 Spanish · United States
865
-15
Shuksan
10:42 Loom
13:39 Feudal Age
15:32 Double-Bit Axe
16:51 Wheelbarrow
16:02 Town Watch
21:23 Castle Age
20:43 Fishing Lines
22:51 Bloodlines
22:52 Scale Barding Armor
22:59 Forging
22:40 Fletching
24:18 Husbandry
24:21 Gillnets
26:07 Bow Saw
28:57 Murder Holes
29:23 Ballistics
29:14 Masonry
36:37 Imperial Age
34:35 Horse Collar
38:20 Chemistry
39:29 Elite Cannon Galleon
47:35 Gold Mining
47:37 Stone Mining
50:46 Architecture
57:49 Cavalier
59:01 Guilds
63:50 Conscription
69:18 Chain Barding Armor
69:24 Heavy Plow
71:42 Iron Casting
71:44 Plate Barding Armor
74:45 Paladin
76:52 Hand Cart
Mew
0:53 Loom
13:46 Feudal Age
15:09 Wheelbarrow
14:20 Town Watch
14:25 Double-Bit Axe
14:47 Horse Collar
17:05 Bloodlines
23:54 Castle Age
22:18 Man-at-Arms
22:45 Arson
23:45 Gold Mining
23:46 Stone Mining
24:09 Fishing Lines
24:53 Husbandry
24:14 Light Cavalry
25:32 Town Patrol
25:55 Squires
27:57 Hand Cart
27:55 Forging
28:29 Medium Warships
28:45 Fletching
29:48 Bow Saw
29:58 Pikeman
32:30 Bodkin Arrow
33:11 Iron Casting
34:57 Padded Archer Armor
35:03 Scale Barding Armor
35:42 Long Swordsman
37:16 Chain Barding Armor
37:11 Leather Archer Armor
41:36 Imperial Age
41:47 Scale Mail Armor
45:07 Heavy Warships
46:01 Ballistics
46:42 Chemistry
45:53 Masonry
45:39 Murder Holes
47:09 Bracer
48:10 Blast Furnace
48:40 Conscription
48:13 Elite Mangudai
50:55 Heavy Plow
69:12 Hussar
78:54 Shipwright
78:45 Clinker Construction
78:45 Careening
Connection lost

Rejoining the realm…

Still unreachable

The connection could not be restored.

Session expired

The server has moved on; the page needs a fresh start.